[Event "Titled Tuesday Blitz January 10 Early 2023"]
[White "Demchenko, Anton"]
[Black "Sihite, Chelsie Monica Ignesias"]
[WhiteFideId "4160258"]
[BlackFideId "7101198"]
[WhiteElo "2623"]
[BlackElo "2266"]
[Result "1-0"]
[Round "01"]
[TimeControl "180+2"]
[Date "2023.01.10"]
[WhiteClock "0:01:20"]
[BlackClock "0:01:43"]

1. e4 e5 2. Nf3 Nc6 3. Bc4 Bc5 4. d3 Nf6 5. Bg5 O-O 6. c3 Be7 7. Nbd2 d6 8. a4 Be6 9. Bxe6 fxe6 10. O-O Kh8 11. b4 Nh5 12. Be3 Nf4 13. b5 Nb8 14. d4 exd4 15. cxd4 Nd7 16. Rc1 a6 17. bxa6 Rxa6 18. Bxf4 Rxf4 19. Qb3 Rb6 20. Qxe6 d5 21. Qxd5 Qe8 22. Rxc7 Nf8 23. Rfc1 Qxa4 24. Rxe7 Rc6 25. Rf1 1-0


[Site "https://www.chess.com"]

[Event "Titled Tuesday Blitz January 10 Early 2023"]
[White "Goldin, Roman"]
[Black "Pakleza, Zbigniew"]
[WhiteFideId "2803860"]
[BlackFideId "1119290"]
[WhiteElo "2322"]
[BlackElo "2494"]
[Result "0-1"]
[Round "01"]
[TimeControl "180+2"]
[Date "2023.01.10"]
[WhiteClock "0:00:03"]
[BlackClock "0:00:05"]

1. Nf3 d5 2. e3 Nf6 3. b4 Bf5 4. Bb2 e6 5. a3 h6 6. c4 c6 7. Be2 Be7 8. d3 O-O 9. O-O Bh7 10. Nc3 a5 11. b5 cxb5 12. cxd5 Nxd5 13. Nxb5 Nc6 14. Rb1 Rc8 15. Qa4 Nb6 16. Qg4 Bg6 17. h4 h5 18. Qg3 Qd5 19. Nfd4 Na4 20. Ba1 Bf6 21. Nxc6 bxc6 22. Bxf6 cxb5 23. Bd4 Nc3 24. Bf3 Qd7 25. Rbc1 b4 26. axb4 axb4 27. Bxh5 Qc7 28. Be5 Qe7 29. Bxc3 bxc3 30. Bxg6 fxg6 31. Qe5 c2 32. Rfe1 Rf5 33. Qb2 Rfc5 34. Re2 Qc7 35. g3 Rc3 36. d4 Kh7 37. Qa2 Qc6 38. e4 Rc4 39. d5 exd5 40. exd5 Qxd5 41. Rcxc2 Qd1+ 42. Kg2 Rxc2 0-1


[Site "https://www.chess.com"]

[Event "Titled Tuesday Blitz January 10 Early 2023"]
[White "Galchenko, Matvey"]
[Black "Osinovsky, Stepan"]
[WhiteFideId "24175480"]
[BlackFideId "4157354"]
[WhiteElo "2438"]
[BlackElo "2241"]
[Result "1-0"]
[Round "01"]
[TimeControl "180+2"]
[Date "2023.01.10"]
[WhiteClock "0:00:03"]
[BlackClock "0:00:02"]

1. e4 e5 2. Nf3 Nc6 3. d4 exd4 4. Nxd4 Bc5 5. Nb3 Bb6 6. Nc3 Nf6 7. Bg5 h6 8. Bh4 O-O 9. Qe2 Re8 10. O-O-O a5 11. a4 Nb4 12. f4 d5 13. h3 Bf5 14. Bxf6 Qxf6 15. e5 Bxc2 16. exf6 Rxe2 17. Bxe2 Bxb3 18. Rdf1 Be3+ 19. Kb1 d4 20. Nd1 Bc2+ 21. Ka1 Bd2 22. Nf2 gxf6 23. Bd1 Rd8 24. Bxc2 Nxc2+ 25. Kb1 Ne3 26. Rfg1 c5 27. Ne4 Bb4 28. Nxf6+ Kf8 29. Ne4 c4 30. g4 d3 31. Rg3 Nd5 32. Rf3 Re8 33. Ng3 d2 34. Rd1 c3 35. Nf1 Re1 36. Kc2 cxb2 37. Nxd2 Rxd1 38. Kxd1 Bxd2 39. Kc2 Nc3 40. Kxb2 1-0


[Site "https://www.chess.com"]

[Event "Titled Tuesday Blitz January 10 Early 2023"]
[White "Kirillov, Dmitry"]
[Black "Samadov, Read"]
[WhiteFideId "34180572"]
[BlackFideId "13417444"]
[WhiteElo "2179"]
[BlackElo "2469"]
[Result "0-1"]
[Round "01"]
[TimeControl "180+2"]
[Date "2023.01.10"]
[WhiteClock "0:00:10"]
[BlackClock "0:00:05"]

1. e4 c5 2. Nf3 d6 3. d4 cxd4 4. Nxd4 Nf6 5. Nc3 a6 6. f4 e5 7. Nf3 Nbd7 8. a4 Be7 9. Bd3 O-O 10. O-O exf4 11. Kh1 Nh5 12. Nd4 Ndf6 13. Nd5 Bg4 14. Nxf6+ Nxf6 15. Qe1 Nh5 16. Ne2 Bh4 17. Qb4 a5 18. Qb5 Qg5 19. Qxg5 Bxg5 20. Nxf4 Nf6 21. h3 Bd7 22. Nd5 Bh4 23. Bf4 Nxd5 24. exd5 Rfd8 25. c4 Be7 26. b3 Be8 27. Rae1 Bf8 28. Rf2 f6 29. Rfe2 Bf7 30. Bf5 g6 31. Be6 Re8 32. g4 Rad8 33. Kg2 Bxe6 34. Rxe6 Kf7 35. Kf3 Rxe6 36. Rxe6 Be7 37. Bd2 b6 38. Bc3 Rd7 39. Bd4 Rb7 40. h4 Rb8 41. Kf4 h6 42. h5 gxh5 43. gxh5 Rg8 44. Bxb6 Rg2 45. Bd4 Rh2 46. Re4 Rxh5 47. Ke3 Rh3+ 48. Kd2 Rxb3 49. Bc3 Ra3 50. c5 dxc5 51. Rc4 Bd6 52. Bxa5 f5 53. Bc3 f4 54. a5 h5 55. Re4 h4 56. Re2 h3 57. Rh2 Ra2+ 58. Kd3 Rxh2 59. a6 Ra2 60. Ba5 Rxa5 61. a7 Rxa7 0-1


[Site "https://www.chess.com"]

[Event "Titled Tuesday Blitz January 10 Early 2023"]
[White "Rustemov, Alexander"]
[Black "Sreyas Payyappat"]
[WhiteFideId "4119002"]
[BlackFideId "46674969"]
[WhiteElo "2525"]
[BlackElo "2076"]
[Result "1-0"]
[Round "01"]
[TimeControl "180+2"]
[Date "2023.01.10"]
[WhiteClock "0:01:07"]
[BlackClock "0:00:20"]

1. d4 Nf6 2. c4 c5 3. d5 e6 4. Nc3 exd5 5. cxd5 d6 6. e4 g6 7. h3 Bg7 8. Bd3 O-O 9. Nf3 b5 10. Bxb5 Nxe4 11. Nxe4 Qa5+ 12. Nfd2 Qxb5 13. Nxd6 Qa6 14. N2c4 Nd7 15. O-O Ne5 16. Nxe5 Bxe5 17. Nxc8 Raxc8 18. Qf3 Rcd8 19. Rd1 Qb7 20. Rb1 Rd7 21. Be3 Rc8 22. b3 Qa6 23. Rd2 Bc3 24. Rc2 Bb4 25. Rd1 Qd6 26. g3 Re8 27. Rc4 f5 28. Bf4 Qa6 29. Rc2 Re4 30. Kg2 Qf6 31. h4 Kg7 32. Rc4 Qe7 33. d6 Qe6 34. Qd3 Re2 35. Rc2 Rxc2 36. Qxc2 h6 37. Qc4 Qxc4 38. bxc4 Bc3 39. Rd5 Bd4 40. Rxd4 cxd4 41. c5 Kf7 42. c6 Rd8 43. d7 Ke7 44. c7 Kxd7 45. cxd8=Q+ Kxd8 46. Bxh6 Kd7 47. Kf3 Ke6 48. Ke2 Kd5 49. Kd3 a6 50. Bg7 1-0


[Site "https://www.chess.com"]

[Event "Titled Tuesday Blitz January 10 Early 2023"]
[White "Legenia, Artem"]
[Black "Neiksans, Arturs"]
[WhiteFideId "14136945"]
[BlackFideId "11601388"]
[WhiteElo "2092"]
[BlackElo "2615"]
[Result "0-1"]
[Round "01"]
[TimeControl "180+2"]
[Date "2023.01.10"]
[WhiteClock "0:00:28"]
[BlackClock "0:00:13"]

1. d4 f5 2. g3 Nf6 3. Bg2 d6 4. Nf3 g6 5. O-O Bg7 6. Nc3 O-O 7. Qd3 Nc6 8. a3 e5 9. dxe5 dxe5 10. Qxd8 Rxd8 11. Bg5 e4 12. Nd2 Be6 13. Rfd1 Nd4 14. Rac1 h6 15. Be3 Ng4 16. Bf4 g5 17. Be3 Nxe3 18. fxe3 Nc6 19. g4 fxg4 20. Ndxe4 Rxd1+ 21. Rxd1 Rd8 22. Rxd8+ Nxd8 23. Nc5 Bc8 24. Nd5 Kf7 25. Nxc7 Bxb2 26. a4 Be5 27. Nb5 a6 28. Nd4 Bd6 29. Nd3 Ne6 30. Nf5 Bf8 31. Nd4 Kf6 32. c4 Bd6 33. Nb3 b6 34. a5 bxa5 35. Nxa5 Nc5 36. Nc6 Nxd3 37. exd3 Bc7 38. Nb4 Ke6 39. Nd5 Bd8 40. d4 a5 41. Nc3 Bd7 42. c5 Be7 43. c6 Bc8 44. e4 Bb4 45. Na4 Kd6 46. e5+ Ke6 47. Nb6 Ba6 48. c7 Bc3 49. d5+ Kxe5 50. c8=Q Bxc8 51. Nxc8 a4 52. d6 a3 53. Nb6 Bd4+ 54. Kf1 Bxb6 55. Ke2 a2 0-1


[Site "https://www.chess.com"]

[Event "Titled Tuesday Blitz January 10 Early 2023"]
[White "Mikhailovsky, Vladimir"]
[Black "Fernandez Garcia, Gumersindo"]
[WhiteFideId "34105414"]
[BlackFideId "24516740"]
[WhiteElo "2215"]
[BlackElo "2160"]
[Result "1-0"]
[Round "01"]
[TimeControl "180+2"]
[Date "2023.01.10"]
[WhiteClock "0:00:36"]
[BlackClock "0:00:04"]

1. e4 c5 2. c3 g6 3. d4 cxd4 4. cxd4 Bg7 5. Nc3 d6 6. Bb5+ Bd7 7. Bxd7+ Qxd7 8. Nge2 Nf6 9. O-O O-O 10. f3 Nc6 11. Be3 Rac8 12. Qd2 Rfd8 13. Rac1 a6 14. Na4 Qe8 15. Nb6 Rb8 16. d5 Ne5 17. Rc7 Nfd7 18. Rfc1 Nxb6 19. Bxb6 Rdc8 20. Qc2 Rxc7 21. Qxc7 Nd7 22. Ba7 Ra8 23. Qxb7 Bxb2 24. Rc7 Ne5 25. Qxb2 Qa4 26. h3 Qd1+ 27. Kh2 h5 28. Bd4 Nd3 29. Qc2 Qxc2 30. Rxc2 Nb4 31. Rb2 a5 32. a3 Nd3 33. Rb3 Nc5 34. Bxc5 dxc5 35. Rb6 Rc8 36. Rc6 Rb8 37. Rxc5 a4 38. Ra5 Rb2 39. Nd4 Rd2 40. Nc6 Rd3 41. Rxa4 1-0


[Site "https://www.chess.com"]

[Event "Titled Tuesday Blitz January 10 Early 2023"]
[White "Jovic, Stanoje"]
[Black "Yuan, Qingyu"]
[WhiteFideId "905020"]
[BlackFideId "8609772"]
[WhiteElo "2075"]
[BlackElo "2373"]
[Result "1-0"]
[Round "01"]
[TimeControl "180+2"]
[Date "2023.01.10"]
[WhiteClock "0:00:08"]
[BlackClock "0:00:02"]

1. c4 d5 2. cxd5 Nf6 3. e4 c6 4. dxc6 Nxc6 5. Nc3 e5 6. Nf3 Bc5 7. Be2 O-O 8. O-O h6 9. d3 Be6 10. h3 Qe7 11. Be3 Rfd8 12. Rc1 Bb6 13. Kh2 Rac8 14. Bxb6 axb6 15. Qa4 Nh5 16. g3 Nf6 17. Qb5 Nd7 18. Nd5 Bxd5 19. exd5 Nd4 20. Nxd4 exd4 21. Rxc8 Rxc8 22. Bg4 Rc7 23. Bxd7 Rxd7 24. Qxb6 Rxd5 25. Kg2 Rd6 26. Qc5 Qe6 27. Re1 Qd7 28. Re8+ Kh7 29. Qe5 Qc6+ 30. Qe4+ Qxe4+ 31. Rxe4 Rb6 32. b3 Rb4 33. h4 h5 34. Re7 Kg6 35. Kf3 Rb6 36. Rd7 Ra6 37. Rxd4 Rxa2 38. Rb4 Ra7 39. Ke4 f6 40. Kd5 Ra5+ 41. Kd6 Ra8 42. Rxb7 Rd8+ 43. Rd7 Rb8 44. Kc5 Rxb3 45. f4 Rb2 46. f5+ Kxf5 47. Rxg7 Rg2 48. d4 Ke4 49. Re7+ Kf5 50. Re3 Rd2 51. d5 Kg6 52. Kc6 Rc2+ 53. Kd7 Kf7 54. d6 Ra2 55. Rc3 Ra7+ 56. Rc7 Ra3 57. Kc8+ Ke6 58. d7 Ra8+ 59. Kb7 Rd8 60. Kc6 Ra8 61. Rc8 Ra6+ 62. Kb5 Ra1 63. d8=Q Rb1+ 64. Kc4 Rc1+ 65. Kb3 Rd1 66. Qe8+ Kf5 67. Qxh5+ 1-0


[Site "https://www.chess.com"]

[Event "Titled Tuesday Blitz January 10 Early 2023"]
[White "Arjun, Kalyan"]
[Black "Ortega Ruiz, Jose Miguel"]
[WhiteFideId "35018701"]
[BlackFideId "2209713"]
[WhiteElo "2516"]
[BlackElo "2351"]
[Result "0-1"]
[Round "01"]
[TimeControl "180+2"]
[Date "2023.01.10"]
[WhiteClock "0:00:37"]
[BlackClock "0:02:33"]

1. e4 c5 2. Nf3 Nc6 3. d4 cxd4 4. Nxd4 Nf6 5. Nc3 e5 6. Ndb5 d6 7. Nd5 Nxd5 8. exd5 Ne7 9. c4 Ng6 10. Qa4 Bd7 11. Qb4 Bf5 12. h4 h5 13. Bg5 Qb8 14. g3 a6 15. Nc3 Be7 16. Be3 O-O 17. Be2 e4 18. Bxh5 Bf6 19. Be2 Ne5 20. O-O-O Rc8 21. Kb1 Nd3 22. Bxd3 exd3 23. Rd2 b5 24. Qb3 bxc4 25. Qxb8 Raxb8 26. Kc1 Rb4 27. Kd1 Bxc3 0-1


[Site "https://www.chess.com"]

[Event "Titled Tuesday Blitz January 10 Early 2023"]
[White "Devaev, Alexander"]
[Black "Urazayev, Arystanbek"]
[WhiteFideId "4169395"]
[BlackFideId "13709810"]
[WhiteElo "2325"]
[BlackElo "2460"]
[Result "0-1"]
[Round "01"]
[TimeControl "180+2"]
[Date "2023.01.10"]
[WhiteClock "0:00:01"]
[BlackClock "0:00:35"]

1. d4 Nf6 2. c4 e6 3. Nf3 b6 4. a3 Ba6 5. Qc2 Bb7 6. Nc3 c5 7. d5 exd5 8. cxd5 Nxd5 9. Nxd5 Bxd5 10. e4 Bb7 11. Bd3 Be7 12. O-O O-O 13. Bf4 d6 14. Rad1 Nc6 15. Rfe1 h6 16. Bc4 Qc7 17. e5 Rad8 18. e6 fxe6 19. Rxe6 Kh8 20. Bxh6 Bf6 21. Bg5 Ne5 22. Nxe5 dxe5 23. Be3 Bc8 24. Rxf6 gxf6 25. h3 Qh7 26. Qe2 Bf5 27. b4 cxb4 28. axb4 Bc2 29. Ra1 Bd3 0-1


[Site "https://www.chess.com"]

[Event "Titled Tuesday Blitz January 10 Early 2023"]
[White "Bilych, Olexiy"]
[Black "Jaskolka, Tomasz"]
[WhiteFideId "14156504"]
[BlackFideId "1170791"]
[WhiteElo "2441"]
[BlackElo "2238"]
[Result "1-0"]
[Round "01"]
[TimeControl "180+2"]
[Date "2023.01.10"]
[WhiteClock "0:00:18"]
[BlackClock "0:00:21"]

1. d4 d5 2. c4 c6 3. Nf3 Nf6 4. Nc3 a6 5. e3 Bf5 6. Qb3 Ra7 7. c5 Nbd7 8. Be2 h6 9. O-O e6 10. Bd2 Be7 11. Rfc1 O-O 12. Na4 Qb8 13. h3 e5 14. dxe5 Nxe5 15. Nxe5 Qxe5 16. Bc3 Qc7 17. Qb6 Qxb6 18. cxb6 Raa8 19. Bd4 Nd7 20. a3 Rfe8 21. b4 Bf6 22. Bxf6 gxf6 23. Kf1 Kf8 24. Nc5 Nxc5 25. Rxc5 Ke7 26. Rd1 Kd6 27. Rd4 Re4 28. Rxe4 Bxe4 29. f3 Bg6 30. Ke1 Re8 31. Kd2 h5 32. h4 Rg8 33. Rc1 Bf5 34. Rg1 Ra8 35. g4 Bg6 36. Kc3 a5 37. f4 axb4+ 38. Kxb4 hxg4 39. Bxg4 Rg8 40. Be2 Rh8 41. h5 Be4 42. Rg7 Ke7 43. a4 Rh7 44. Rxh7 Bxh7 45. Kc5 Kd7 46. a5 Kc8 47. Bg4+ Kb8 48. Bd7 Be4 49. Be8 Bh7 50. Bxf7 Bd3 51. Bg6 d4 52. Bxd3 dxe3 53. h6 e2 54. h7 e1=Q 55. h8=Q+ Qe8 56. Qxe8# 1-0


[Site "https://www.chess.com"]

[Event "Titled Tuesday Blitz January 10 Early 2023"]
[White "Zeman, Matyas"]
[Black "Lagarde, Maxime"]
[WhiteFideId "364398"]
[BlackFideId "662399"]
[WhiteElo "2296"]
[BlackElo "2579"]
[Result "0-1"]
[Round "01"]
[TimeControl "180+2"]
[Date "2023.01.10"]
[WhiteClock "0:00:03"]
[BlackClock "0:01:18"]

1. d4 Nf6 2. Bf4 b6 3. e3 Bb7 4. Nf3 g6 5. Nbd2 Bg7 6. Bd3 O-O 7. h3 d6 8. O-O c5 9. a4 Nc6 10. c3 Qd7 11. Bh2 Rac8 12. Nc4 Rfd8 13. Qe2 cxd4 14. exd4 Na5 15. Nxa5 bxa5 16. Rfe1 Nd5 17. Bc4 e6 18. Ng5 Qc7 19. Bb5 h6 20. Ne4 Qe7 21. Rad1 Nb6 22. Bf4 Bd5 23. Qe3 g5 24. Bg3 f5 25. Nxd6 Rxd6 26. Bxd6 Qxd6 27. Ba6 Rb8 28. Bb5 Rc8 29. Ba6 Rc7 30. Bb5 Nc4 31. Bxc4 Rxc4 32. b3 f4 33. Qd3 Rc7 34. c4 Bb7 35. d5 e5 36. Qe4 Bc8 37. Kh2 Bd7 38. g4 Be8 39. Qf5 Bg6 40. Qe6+ Qxe6 41. dxe6 Re7 42. Rd6 e4 43. Red1 Be5 44. Rd8+ Kg7 45. R1d7 Kf6 46. Rxe7 Kxe7 47. Rd7+ Kxe6 48. Rxa7 e3 49. fxe3 fxe3+ 50. Kg2 Be4+ 51. Kf1 Bd3+ 52. Kg1 e2 53. Ra6+ Kd7 54. Kf2 Bd4+ 55. Ke1 Bc3+ 0-1


[Site "https://www.chess.com"]

[Event "Titled Tuesday Blitz January 10 Early 2023"]
[White "Mahdavi, Reza"]
[Black "Papayan, Oleg"]
[WhiteFideId "12595926"]
[BlackFideId "4193911"]
[WhiteElo "2339"]
[BlackElo "2253"]
[Result "1-0"]
[Round "01"]
[TimeControl "180+2"]
[Date "2023.01.10"]
[WhiteClock "0:00:39"]
[BlackClock "0:00:01"]

1. g3 d5 2. d3 e5 3. Bg2 Nc6 4. Nd2 Nf6 5. Ngf3 Bd6 6. e4 h6 7. O-O Be6 8. Re1 d4 9. Nh4 Qd7 10. Nf5 g6 11. Ng7+ Kf8 12. Nxe6+ fxe6 13. Nc4 Kg7 14. f4 b5 15. fxe5 Nxe5 16. Nd2 Raf8 17. Nf3 c5 18. Rf1 Nxf3+ 19. Bxf3 e5 20. a4 bxa4 21. Bd2 Rb8 22. Ra2 Rb7 23. Qa1 Rhb8 24. Rxa4 Rxb2 25. Rxa7 R8b7 26. Rxb7 Rxb7 27. Qc1 h5 28. Bh6+ Kh7 29. Bg5 Ne8 30. Be2 Qg7 31. Qa3 Rf7 32. Qa8 Rxf1+ 33. Kxf1 Qf7+ 34. Kg2 Ng7 35. Qc6 Be7 36. Bd2 Ne6 37. Qd5 Qf6 38. Ba5 Nf8 39. Bc7 Qe6 40. Qxe6 Nxe6 41. Bxe5 g5 42. Bxh5 Kh6 43. Bg4 Nf8 44. Bf5 Nd7 45. Bc7 Nf6 46. Kf3 Ne8 47. e5 Nxc7 48. Ke4 Nb5 49. Kd5 Na3 50. Ke6 Bd8 51. Kd7 Ba5 52. e6 Nb5 53. e7 Nc7 54. Be4 Kh5 55. h3 g4 56. h4 Kh6 57. Bf5 Kh5 58. Kc6 Kh6 59. Bxg4 Kg7 60. Kd7 Kf6 61. Bf3 c4 62. dxc4 1-0


[Site "https://www.chess.com"]

[Event "Titled Tuesday Blitz January 10 Early 2023"]
[White "Moskvin, Anatoly"]
[Black "Boros, Denes"]
[WhiteFideId "24199990"]
[BlackFideId "722340"]
[WhiteElo "2189"]
[BlackElo "2406"]
[Result "0-1"]
[Round "01"]
[TimeControl "180+2"]
[Date "2023.01.10"]
[WhiteClock "0:00:27"]
[BlackClock "0:00:33"]

1. e4 g6 2. d4 d5 3. exd5 Qxd5 4. Nf3 Bg7 5. c4 Qd8 6. Be2 Nh6 7. h3 Nf5 8. Be3 c5 9. Qa4+ Bd7 10. Qd1 cxd4 11. Nxd4 Nxe3 12. fxe3 e5 13. Nb5 Qh4+ 14. Kf1 Bxb5 15. cxb5 O-O 16. Nc3 Rd8 17. Qe1 Qg5 18. Bf3 Nd7 19. Bxb7 Rab8 20. Be4 Nc5 21. a4 Kh8 22. h4 Qg4 23. Bf3 Qb4 24. Ne4 Qc4+ 25. Qe2 Nxe4 26. Qxc4 Nd2+ 27. Ke2 Nxc4 28. b3 Nd6 29. Bd5 Nf5 30. Rhd1 Bh6 31. Bxf7 Ng3+ 32. Kf3 Rf8 33. Kxg3 Rxf7 34. e4 Rc8 35. Rd3 Rc2 36. Kh3 Rff2 37. g3 Bf8 38. h5 gxh5 39. Kh4 Be7+ 40. Kxh5 Kg7 41. Rd7 Kf6 42. Kg4 Rh2 43. Rf1+ Kg6 44. Rxe7 h5+ 45. Kf3 Rc3# 0-1


[Site "https://www.chess.com"]

[Event "Titled Tuesday Blitz January 10 Early 2023"]
[White "Boruchovsky, Avital"]
[Black "Boder, Jan"]
[WhiteFideId "2800055"]
[BlackFideId "16243226"]
[WhiteElo "2539"]
[BlackElo "2294"]
[Result "1-0"]
[Round "01"]
[TimeControl "180+2"]
[Date "2023.01.10"]
[WhiteClock "0:01:37"]
[BlackClock "0:00:05"]

1. c4 e5 2. Nc3 Nf6 3. Nf3 Nc6 4. e4 Bc5 5. Nxe5 Nxe5 6. d4 Bxd4 7. Qxd4 d6 8. Be2 O-O 9. h3 Be6 10. f4 Nc6 11. Qd3 Re8 12. O-O Qe7 13. Bf3 Nb4 14. Qe2 c6 15. a3 Na6 16. b4 Nc7 17. Bb2 a6 18. Rfe1 b5 19. e5 Nd7 20. cxb5 axb5 21. Bxc6 Bc4 22. Qd2 Rad8 23. exd6 Qh4 24. dxc7 Rc8 25. Rxe8+ Rxe8 26. Bxd7 Rf8 27. c8=Q Rxc8 28. Bxc8 h6 29. Ne4 Qe7 30. Qd4 f6 31. Bf5 Kh8 32. Rd1 Bg8 33. Nxf6 gxf6 34. Qxf6+ Qxf6 35. Bxf6# 1-0


[Site "https://www.chess.com"]

[Event "Titled Tuesday Blitz January 10 Early 2023"]
[White "Manukyan, Sargis A."]
[Black "Bryakin, Mikhail"]
[WhiteFideId "13303970"]
[BlackFideId "4165314"]
[WhiteElo "2158"]
[BlackElo "2455"]
[Result "0-1"]
[Round "01"]
[TimeControl "180+2"]
[Date "2023.01.10"]
[WhiteClock "0:00:07"]
[BlackClock "0:00:04"]

1. d4 Nf6 2. c4 e6 3. Nc3 d5 4. cxd5 Nxd5 5. e4 Nxc3 6. bxc3 c5 7. Rb1 Nc6 8. Nf3 Be7 9. Bb5 O-O 10. O-O Qc7 11. Re1 Rd8 12. d5 a6 13. Bd3 Na5 14. c4 b5 15. cxb5 axb5 16. Bxb5 Bb7 17. Qe2 exd5 18. exd5 Bf6 19. Ng5 Bxd5 20. Qg4 Bd4 21. Bf4 Qa7 22. Bd3 g6 23. Qh4 h5 24. Be4 c4 25. Be3 Nc6 26. Bxd5 Rxd5 27. Qf4 Rf5 28. Qd6 Rc8 29. Ne4 Bxe3 30. Rxe3 Qd4 31. Qxd4 Nxd4 32. Nd6 Rd8 33. Nxf5 Nxf5 34. Re2 Ra8 35. Ree1 Ra4 36. Rbc1 Kg7 37. Re2 Nd4 38. Rd2 Nb5 39. Rd5 Na3 40. Rc5 Rb4 41. h4 Kf6 42. g3 Ke6 43. Kg2 Kd6 44. Rc8 Kd7 45. Rc5 Kd6 46. Ra5 Nb5 47. Ra6+ Kc5 48. a3 Rb3 49. Ra8 Nd6 50. Rd8 Rxa3 51. Rd7 Ra6 52. Rd1 Rc6 53. Rc1 Kd4 54. Rd1+ Kc5 55. Rc1 Kd5 56. Rd1+ Ke6 57. Rd8 Ke5 58. Re1+ Kd5 59. Rd1+ Kc5 60. Rc1 Nb5 61. Kf3 c3 62. Re8 Kc4 63. Re4+ Nd4+ 64. Kf4 Rf6+ 65. Ke3 Rf3# 0-1


[Site "https://www.chess.com"]

[Event "Titled Tuesday Blitz January 10 Early 2023"]
[White "Postny, Evgeny"]
[Black "Kazancev, Valerij M"]
[WhiteFideId "2804344"]
[BlackFideId "4179609"]
[WhiteElo "2549"]
[BlackElo "2313"]
[Result "1-0"]
[Round "01"]
[TimeControl "180+2"]
[Date "2023.01.10"]
[WhiteClock "0:02:01"]
[BlackClock "0:01:34"]

1. e4 c5 2. Nf3 d6 3. d4 cxd4 4. Nxd4 Nf6 5. Nc3 a6 6. f3 e5 7. Nb3 Be6 8. Be3 Nbd7 9. g4 Be7 10. Qd2 O-O 11. O-O-O Rc8 12. h4 Nc5 13. Nxc5 dxc5 14. g5 Nh5 15. Nd5 Re8 16. Bh3 Bf8 17. Qf2 Qa5 18. Kb1 Nf4 19. Bxf4 exf4 20. Bxe6 Rxe6 21. Nxf4 c4 22. Nxe6 fxe6 23. c3 1-0


[Site "https://www.chess.com"]

[Event "Titled Tuesday Blitz January 10 Early 2023"]
[White "Melikhov, Evgeny V."]
[Black "Shipov, Sergei"]
[WhiteFideId "4122046"]
[BlackFideId "4113624"]
[WhiteElo "2269"]
[BlackElo "2541"]
[Result "1/2-1/2"]
[Round "01"]
[TimeControl "180+2"]
[Date "2023.01.10"]
[WhiteClock "0:00:08"]
[BlackClock "0:00:18"]

1. d4 Nf6 2. c4 c5 3. d5 b5 4. cxb5 a6 5. b6 d6 6. Nc3 Nbd7 7. a4 Qxb6 8. a5 Qb4 9. Ra4 Qb8 10. e4 g6 11. Nf3 Bg7 12. Be2 O-O 13. O-O Qa7 14. Ra3 Rb8 15. Re1 Ne8 16. Bg5 f6 17. Bc1 Nc7 18. Rb3 Ne5 19. Nd2 Bd7 20. Rxb8 Rxb8 21. Na4 Bxa4 22. Qxa4 Rb4 23. Qc2 Nb5 24. b3 Nd4 25. Qc3 Qb7 26. Bc4 f5 27. Qh3 f4 28. Ba3 Nxc4 29. bxc4 Nc2 30. Bxb4 Nxe1 31. Bc3 Bxc3 32. Qxc3 Qb4 33. Qxb4 cxb4 34. Nb3 Nd3 35. Kf1 Kg7 36. Ke2 Nc5 37. Nxc5 dxc5 38. e5 g5 39. g4 fxg3 40. fxg3 g4 41. e6 Kf6 42. Kd3 h5 43. Kc2 Ke5 44. Kb3 Kd6 45. Kb2 Ke5 46. Kb3 Kf5 47. Kb2 Ke5 48. Kb3 1/2-1/2


[Site "https://www.chess.com"]

[Event "Titled Tuesday Blitz January 10 Early 2023"]
[White "Rakhmanov, Aleksandr"]
[Black "Salman, Pavel"]
[WhiteFideId "4173708"]
[BlackFideId "24153753"]
[WhiteElo "2632"]
[BlackElo "2287"]
[Result "1-0"]
[Round "01"]
[TimeControl "180+2"]
[Date "2023.01.10"]
[WhiteClock "0:00:08"]
[BlackClock "0:00:16"]

1. d4 Nf6 2. c4 c5 3. d5 b5 4. cxb5 a6 5. b6 e6 6. Nc3 Nxd5 7. Nxd5 exd5 8. Qxd5 Nc6 9. e4 Be7 10. Bc4 O-O 11. Nf3 Rb8 12. Bd2 Rxb6 13. Bc3 d6 14. O-O Be6 15. Qd3 Bf6 16. Bxf6 Qxf6 17. Bxe6 Qxe6 18. b3 Ne5 19. Nxe5 Qxe5 20. Rad1 Re8 21. f3 h6 22. Qc4 Re6 23. Rd5 Qb2 24. Qa4 Rg6 25. g3 Kh7 26. Rf2 Qc3 27. Kg2 Re6 28. Qd7 Qf6 29. Rf5 Qe7 30. Rxf7 Qxd7 31. Rxd7 Kg6 32. g4 Kf6 33. h4 g5 34. Rd2 gxh4 35. Kh3 a5 36. Kxh4 Ke5 37. Kg3 Rf6 38. Re7+ Re6 39. Rd5+ Kf6 40. Ra7 Re8 41. Rxa5 Rc8 42. Ra7 Ke6 43. Rh7 c4 44. bxc4 Rxc4 45. Rxh6+ Kd7 46. Rh7+ Kc6 47. Rh6 Kc7 48. g5 Rc2 49. g6 Rxa2 50. g7 Ra8 51. Rh8 Rbb8 52. Rxb8 Rxb8 53. Kg4 Rg8 54. Rg5 Kd7 55. Kh5 Ke7 56. Kg6 Ke6 57. Rf5 Ra8 58. Rf8 Ra1 59. g8=Q+ Ke5 60. Re8+ Kf4 61. Qf7+ Ke3 62. Qf5 Rg1+ 63. Kf6 Rh1 64. Qg5+ Kd3 65. Ke6 Ke2 66. Kxd6 Rd1+ 67. Ke6 Ra1 68. Qd5 Kxf3 69. Qf5+ Ke3 70. Qc5+ Kf3 71. Rf8+ Kxe4 72. Qe5+ 1-0


[Site "https://www.chess.com"]

[Event "Titled Tuesday Blitz January 10 Early 2023"]
[White "Shubenkova, Veronika"]
[Black "Gareyev, Timur"]
[WhiteFideId "44124040"]
[BlackFideId "14200937"]
[WhiteElo "1960"]
[BlackElo "2617"]
[Result "0-1"]
[Round "01"]
[TimeControl "180+2"]
[Date "2023.01.10"]
[WhiteClock "0:01:04"]
[BlackClock "0:00:19"]

1. e4 e5 2. Nf3 Nc6 3. Bb5 a6 4. Bxc6 dxc6 5. O-O Ne7 6. Nc3 Ng6 7. d4 exd4 8. Nxd4 c5 9. Nde2 Bd6 10. f4 O-O 11. e5 Be7 12. Qxd8 Rxd8 13. Be3 Nh4 14. Ne4 b6 15. N2g3 Nf5 16. Kf2 Nd4 17. Bxd4 cxd4 18. Rad1 c5 19. f5 Rd5 20. f6 Bd8 21. fxg7 Rxe5 22. Rde1 Kxg7 23. Kg1 Be6 24. Nd6 Rxe1 25. Rxe1 Bc7 26. Ngf5+ Kf6 27. g4 h5 28. Ne4+ Kg6 29. Nh4+ Kg7 30. g5 Rd8 31. g6 Bf4 32. gxf7 Be3+ 33. Kf1 Bc4+ 34. Kg2 Bd5 35. Kf3 Kxf7 36. Nf5 Bg5 37. Rg1 Bf6 38. Kf4 Bxe4 39. Kxe4 Re8+ 40. Kf4 Re2 41. Nd6+ Ke6 42. Ne4 Be5+ 43. Kf3 Re3+ 44. Kf2 Rxe4 45. Rg6+ Bf6 0-1


[Site "https://www.chess.com"]

[Event "Titled Tuesday Blitz January 10 Early 2023"]
[White "Tan, Zhongyi"]
[Black "Szyszylo, Rafal"]
[WhiteFideId "8603642"]
[BlackFideId "1109626"]
[WhiteElo "2517"]
[BlackElo "2091"]
[Result "1/2-1/2"]
[Round "01"]
[TimeControl "180+2"]
[Date "2023.01.10"]
[WhiteClock "0:00:04"]
[BlackClock "0:00:04"]

1. e4 d6 2. d4 g6 3. Nc3 Nf6 4. Be3 c6 5. f3 b5 6. Qd2 Nbd7 7. O-O-O Nb6 8. h4 Nc4 9. Bxc4 bxc4 10. g4 Rb8 11. g5 Nh5 12. Nge2 Qb6 13. b3 Ba6 14. f4 cxb3 15. axb3 Qb4 16. Kb2 Bg7 17. Ra1 Bxe2 18. Nxe2 Qxd2 19. Bxd2 c5 20. c3 cxd4 21. cxd4 Rb7 22. e5 Kd7 23. Ra3 Rhb8 24. Rha1 Ke6 25. Nc1 dxe5 26. dxe5 f6 27. Ra6+ Kf5 28. exf6 exf6 29. R1a5+ Kg4 30. Bc3 fxg5 31. Bxg7 Nxg7 32. hxg5 Kxf4 33. Rxa7 Nf5 34. Rxb7 Rxb7 35. Nd3+ Kxg5 36. b4 h5 37. Ra8 h4 38. Rh8 Kg4 39. Ne5+ Kg3 40. Nxg6 Rxb4+ 41. Kc3 Rg4 42. Nxh4 Nxh4 43. Kd3 Nf5 44. Re8 Rd4+ 45. Kc3 Rd6 46. Rf8 Kf4 47. Re8 Rc6+ 48. Kb4 Rc2 49. Kb3 Rc7 50. Kb4 Nd6 51. Re1 Ne4 52. Rd1 Ke5 53. Rd8 Rb7+ 54. Kc4 Nd6+ 55. Kd3 Rb3+ 56. Kc2 Rf3 57. Rd7 Kd5 58. Kd2 Kc6 59. Rd8 Ne4+ 60. Ke2 Rh3 61. Rd4 Nd6 62. Kf2 Kc5 63. Ra4 Nc4 64. Kg2 Rh4 65. Kg3 Rd4 66. Ra8 Ne5 67. Rc8+ Kb4 68. Re8 Nc6 69. Kf3 Kc5 70. Rc8 Rd7 71. Re8 Rf7+ 72. Ke4 Rf1 73. Rh8 Re1+ 74. Kd3 Kd5 75. Kd2 Re7 76. Kc3 Ne5 77. Rd8+ Ke4 78. Kd2 Rc7 79. Rh8 Rc5 80. Rh4+ Kd5 81. Rh8 Ke4 82. Rh4+ Kf3 83. Rh8 Rd5+ 84. Kc3 Rd3+ 85. Kb4 Ke3 86. Kc5 Rc3+ 87. Kb4 Rc4+ 88. Kb5 Rc1 89. Rd8 Ke4 90. Kb6 Rc2 91. Rd1 Rc4 92. Kb5 Rc2 1/2-1/2


[Site "https://www.chess.com"]